 Dungeon Crawl Stone Soup version 0.20.0-15-g7f486f2 (webtiles) character file.

109 Dfrag the Firebug (level 4, 0/30 HPs)
             Began as a Demonspawn Fire Elementalist on June 24, 2017.
             Slain by an adder (4 damage)
             ... on level 2 of the Dungeon.
             The game lasted 00:02:53 (1635 turns).

Dfrag the Firebug (Demonspawn Fire Elementalist)    Turns: 1635, Time: 00:02:54

Health: 0/30       AC:  3    Str:  9    XL:     4   Next: 60%
Magic:  0/8        EV: 12    Int: 17    God:
Gold:   49         SH:  0    Dex: 13    Spells: 7/8 levels left

rFire    . . .     SeeInvis .   (no weapon)
rCold    . . .     Gourm    .   (no shield)
rNeg     . . .     Faith    .   a - +0 robe
rPois    .         Spirit   .   (helmet restricted)
rElec    .         Reflect  .   (no cloak)
rCorr    .         Harm     .   n - +0 pair of gloves
MR       .....                  (no boots)
Stlth    ++........             (no amulet)
Regen    0.1/turn               (no ring)
MPRegen  0.2/turn               (no ring)

@: lethally poisoned (0 -> -5)
A: antennae 1, powered by death 1
a: no special abilities


You were on level 2 of the Dungeon.
You were not hungry.

You visited 1 branch of the dungeon, and saw 2 of its levels.

You collected 49 gold pieces.

Inventory:

Armour
 a - a +0 robe (worn)
 n - a +0 pair of gloves (worn)
Scrolls
 d - a scroll of teleportation {unknown}
 e - 3 scrolls of fear {unknown}
 f - a scroll of blinking {unknown}
 g - a scroll of magic mapping {unknown}
 k - a scroll of identify {unknown}
 o - a scroll of enchant armour {unknown}
Potions
 j - a potion of heal wounds
 l - a potion of ambrosia {unknown}
 m - a potion of agility {unknown}
Books
 b - a book of Flames

   Spells                             Type                      Level
   a - Flame Tongue                   Conjuration/Fire             1
   b - Throw Flame                    Conjuration/Fire             2
   c - Conjure Flame                  Conjuration/Fire             3
   d - Inner Flame                    Hexes/Fire                   3
   e - Sticky Flame                   Conjuration/Fire             4
   f - Fireball                       Conjuration/Fire             5
Comestibles
 c - 2 bread rations
 h - a chunk of flesh
 i - a fruit


   Skills:
 - Level 1.7 Dodging
 - Level 1.7 Stealth
 + Level 2.6 Spellcasting
 + Level 2.6 Conjurations
 + Level 3.8 Fire Magic


You had 7 spell levels left.
You knew the following spells:

 Your Spells              Type           Power        Failure   Level  Hunger
a - Flame Tongue          Conj/Fire      ##...        4%          1    #......


Dungeon Overview and Level Annotations

Branches:
Dungeon (2/15)

Altars:


Innate Abilities, Weirdness & Mutations

You have a pair of small antennae on your head.
You regenerate a little health from kills.


Message History

The flame tongue misses the adder.
The adder barely misses you.
Casting: Flame Tongue
Confirm with . or Enter, or press ? or * to list all spells.
You don't have enough magic to cast that spell.
Unknown command.
The adder bites you.
* * * LOW HITPOINT WARNING * * *
You miss the adder.
The adder is heavily wounded.
You feel sick. The adder completely misses you.
You miss the adder.
The adder is heavily wounded.
The adder barely misses you.
You hit the adder.
The adder is severely wounded.
The adder bites you.
* * * LOW HITPOINT WARNING * * *
You are lethally poisoned!
The adder poisons you! The adder bites you.
You die...

. #.# . ... # #
#.# .# # #.###..
#############
#....
....##......# #..#
.......####.###..#
###.###....<.....#
###.###.###.####@#
)....†......# #S#
##..######..# #.#
#.........[#
#.....#
#.####.....#
#..#### #.#
#.##..# #..# #.#
#.##).# #..# #.#
#.##..# #..# ##.#
#.##..# #...


You could see an adder.

Vanquished Creatures
  Jessica (D:2)
  3 adders (D:2)
  3 worms (D:2)
  A dart slug (D:2)
  3 leopard geckos
  A giant cockroach (D:1)
  5 goblins
  6 hobgoblins
  4 jackals (D:2)
  4 bats
  3 frilled lizards
  7 kobolds
  4 rats
45 creatures vanquished.

Notes
Turn   | Place    | Note
-------+----------+-------------------------------------------
     0 | D:1      | Dfrag the Demonspawn Fire Elementalist began the quest for the Orb.
     0 | D:1      | Reached XP level 1. HP: 13/13 MP: 3/3
   186 | D:1      | Reached skill level 3 in Fire Magic
   200 | D:1      | Gained mutation: You regenerate a little health from kills. [demonic ancestry]
   200 | D:1      | Reached XP level 2. HP: 5/19 MP: 3/5
   643 | D:2      | Gained mutation: You have a pair of small antennae on your head. [demonic ancestry]
   643 | D:2      | Reached XP level 3. HP: 5/24 MP: 1/6
  1240 | D:2      | Noticed Jessica
  1269 | D:2      | Killed Jessica
  1269 | D:2      | Reached XP level 4. HP: 9/30 MP: 0/8
  1635 | D:2      | Slain by an adder

Skill      XL: |  1  2  3 |
---------------+----------+-----
Fire Magic     | 3 |  3.8
Conjurations   | 2 |  2.6
Dodging        | |  1.7
Stealth        | |  1.7
Spellcasting   | |  2.6

Action                   |  1- 3 |  4- 6 || total
-------------------------+-------+-------++-------
Melee: Unarmed           |    55 |    33 ||    88
 Cast: Flame Tongue      |    54 |    23 ||    77
  Use: Potion            |     2 |       ||     2
  Eat: Chunk             |     1 |     2 ||     3
Armor: Robe              |    26 |     6 ||    32
Dodge: Dodged            |    71 |    23 ||    94
